 Dungeon Crawl Stone Soup version 0.18.1-48-g4cf74bf (webtiles) character file.

354 Kisielow the Changer (level 6, -6/44 HPs)
             Began as a Merfolk Transmuter on June 25, 2016.
             Was an Initiate of Okawaru.
             Mangled by nikoo's ghost (8 damage)
             ... on level 4 of the Dungeon.
             The game lasted 00:06:54 (2809 turns).

Kisielow the Changer (Merfolk Transmuter)           Turns: 2809, Time: 00:06:55

Health: -6/44      AC:  2    Str: 11    XL:     6   Next: 63%
Magic:  6/9        EV: 21    Int: 14    God:    Okawaru [......]
Gold:   91         SH:  0    Dex: 19    Spells: 3 memorised, 0 levels left

rFire  . . .     SeeInvis .       - Unarmed
rCold  . . .     Gourm    .     (armour currently unavailable)
rNeg   . . .     Faith    .     (shield currently unavailable)
rPois  x         Spirit   .     (helmet currently unavailable)
rElec  .         Dismiss  .     (cloak currently unavailable)
rCorr  .         Reflect  .     (gloves currently unavailable)
SustAt .         Harm     .     (boots currently unavailable)
MR     .....                    h - amulet of regeneration
Stlth  ++........               (no ring)
                                (no ring)

@: spider-form, not resistant to hostile enchantments, unstealthy
A: (change form in water), (swift swim)
a: End Transformation, Renounce Religion


You were on level 4 of the Dungeon.
You worshipped Okawaru.
Okawaru was noncommittal.
You were hungry.
You were a venomous arachnid creature.
You visited 2 branches of the dungeon, and saw 5 of its levels.

You collected 91 gold pieces.

Inventory:

Missiles
 a - 123 arrows
Armour
 b - a +0 robe (melded)
Jewellery
 h - an amulet of regeneration (around neck)
 s - a cursed ring of teleportation {unknown}
Scrolls
 e - a scroll of random uselessness {unknown}
 g - 4 scrolls of remove curse {unknown}
 i - a scroll of enchant armour {unknown}
 l - a scroll of identify {unknown}
 q - a scroll of teleportation {unknown}
 r - a scroll of fear {unknown}
Potions
 j - a potion of might {unknown}
 k - a potion of heal wounds {unknown}
 m - a potion of agility {unknown}
 n - a potion of degeneration {unknown}
 o - 2 potions of flight {unknown}
 u - 3 potions of curing {unknown}
Books
 c - a book of Changes

   Spells                             Type                      Level
   a - Beastly Appendage              Transmutation                1
   b - Sticks to Snakes               Transmutation                2
   c - Spider Form                    Transmutation/Poison         3
   d - Ice Form                       Ice/Transmutation            4
   e - Blade Hands                    Transmutation                5
Comestibles
 d - 2 bread rations
 f - 6 chunks of flesh
 p - 2 beef jerkies
 t - a slice of pizza


   Skills:
 + Level 2.0 Fighting
 + Level 3.0 Dodging
 * Level 5.0 Unarmed Combat
 - Level 2.0 Spellcasting
 - Level 6.7 Transmutations
 - Level 2.0 Poison Magic


You couldn't memorise any spells.
You knew the following spells:

 Your Spells              Type           Power        Failure   Level  Hunger
a - Beastly Appendage     Trmt           ###...       6%          1    ##.....
q - Spider Form           Trmt/Pois      ##........   32%         3    ####...
w - Blade Hands           Trmt           ###.......   67%         5    ######.


Dungeon Overview and Level Annotations

Branches:
Dungeon (4/15)             Temple (1/1) D:4

Altars:
Ashenzari
Cheibriados
Dithmenos
Elyvilon
Gozag
Kikubaaqudgha
Nemelex Xobeh
Okawaru
Sif Muna
Vehumet
Xom
Yredelemnul
Zin
The Shining One

Annotations:
D:4 Grinder; nikoo's ghost, amateur MiGl


Message History

You are feeling hungry.
Grinder comes into view.
Found an inky potion.
Grinder shouts!
Nikoo's ghost completely misses you.
You hit nikoo's ghost but do no damage. Nikoo's ghost barely misses you.
You hit nikoo's ghost but do no damage. Nikoo's ghost hits you!
You hit Grinder.
Grinder is lightly wounded.
Grinder gestures at you. Pain shoots through your body!
Nikoo's ghost barely misses you.
You hit nikoo's ghost but do no damage. Grinder gestures at you.
Pain shoots through your body! Nikoo's ghost misses you.
You hit nikoo's ghost but do no damage. Grinder gestures at you.
Pain shoots through your body!
* * * LOW HITPOINT WARNING * * *
Nikoo's ghost hits you!
You die...

...# ##.........##
#### ##.........## #
##...........# #
###............# #
##............#.#
###>..........###.##
##...........#..###.#
#..........###....###
##........####.s....#
#.........# #5W....#
##........##
#........#
.........##
#........# ........##
##.......!# ....##.##
#........# ..######
#...!....# .##
##........ .#


You could see Grinder and nikoo's ghost.

Vanquished Creatures
  The ghost of Jerry the Magician, an amateur HuIE (D:3)
  A howler monkey (D:3)
  A hound (D:4)
  An orc priest (D:3)
  A hound skeleton (D:4)
  4 adders
  An ooze (D:3)
  3 worms
  3 dart slugs
  7 giant geckos
  10 orcs (D:3)
  7 giant cockroaches
  9 goblins
  7 hobgoblins
  5 jackals
  16 kobolds
  A quokka (D:3)
  2 ball pythons
  7 bats
  2 giant newts
  8 rats
  A plant (D:2)
98 creatures vanquished.

Vanquished Creatures (others)
  A bush (D:2)
  A plant (D:2)
2 creatures vanquished.

Grand Total: 100 creatures vanquished

Notes
Turn   | Place    | Note
--------------------------------------------------------------
     0 | D:1      | Kisielow the Merfolk Transmuter began the quest for the Orb.
     0 | D:1      | Reached XP level 1. HP: 15/15 MP: 3/3
    44 | D:1      | Reached XP level 2. HP: 15/21 MP: 3/5
   506 | D:2      | Reached XP level 3. HP: 26/26 MP: 4/6
   526 | D:2      | Learned a level 3 spell: Spider Form
   692 | D:2      | Found a glowing golden altar of the Shining One.
   721 | D:2      | Reached skill level 3 in Transmutations
   787 | D:2      | Reached skill level 1 in Poison Magic
   825 | D:2      | Found a shadowy altar of Dithmenos.
   853 | D:2      | Reached XP level 4. HP: 14/32 MP: 7/7
  1608 | D:3      | Reached skill level 4 in Transmutations
  1892 | D:3      | Reached skill level 5 in Transmutations
  1892 | D:3      | Reached XP level 5. HP: 36/37 MP: 8/8
  2106 | D:3      | Noticed Jerry's ghost (amateur HuIE)
  2120 | D:3      | Killed Jerry's ghost
  2120 | D:3      | Reached skill level 6 in Transmutations
  2120 | D:3      | Reached XP level 6. HP: 27/43 MP: 3/9
  2199 | D:3      | Learned a level 5 spell: Blade Hands
  2338 | D:3      | Found a deep blue altar of Sif Muna.
  2523 | D:4      | Reached skill level 5 in Unarmed Combat
  2541 | D:4      | Found a staircase to the Ecumenical Temple.
  2550 | Temple   | Entered the Ecumenical Temple
  2651 | Temple   | Became a worshipper of Warmaster Okawaru
  2799 | D:4      | Noticed nikoo's ghost (amateur MiGl)
  2802 | D:4      | Noticed Grinder
  2809 | D:4      | HP: 2/44 [Grinder/nerve-wracking pain (14)]
  2809 | D:4      | Mangled by nikoo's ghost

Skill      XL: |  1  2  3  4  5  6 |
---------------+-------------------+-----
Unarmed Combat | 4 5 |  5.0
Transmutations | 3 5 6 |  6.7
Poison Magic   | 1 2 |  2.0
Dodging        | 3 |  3.0
Fighting       | 2 |  2.0
Spellcasting   | |  2.0

Action                   |  1- 3 |  4- 6 || total
-------------------------+-------+-------++-------
Melee: Unarmed           |   125 |   357 ||   482
       Headbutt          |     5 |    15 ||    20
       Punch             |     2 |    10 ||    12
 Cast: Beastly Appendage |     6 |     4 ||    10
       Spider Form       |       |     9 ||     9
 Stab: Sleeping          |     3 |     2 ||     5
  Eat: Chunk             |       |     8 ||     8
Armor: Robe              |    12 |    18 ||    30
       Skin              |       |     2 ||     2
Dodge: Dodged            |    77 |   145 ||   222
